 Dungeon Crawl Stone Soup version 0.26-a0-812-g31a745ddcd (console) character file.

Game seed: 17693354843237240474

63561 kannibaal the Warrior (level 14, -8/135 HPs)
             Began as a Minotaur Berserker on Dec 1, 2020.
             Was the Champion of Trog.
             Mangled by a very large slime creature (28 damage)
             ... on level 1 of the Pits of Slime on Dec 8, 2020.
             The game lasted 03:55:21 (27378 turns).

kannibaal the Warrior (Minotaur Berserker)         Turns: 27378, Time: 03:55:21

Health: -8/135     AC: 22    Str: 25    XL:     14   Next: 68%
Magic:  13/13      EV: 18    Int:  4    God:    Trog [******]
Gold:   1163       SH:  0    Dex: 12    Spells: 13/13 levels left

rFire    x . .     SeeInvis .   a - +3 executioner's axe (vorpal)
rCold    + . .     Faith    .   (shield currently unavailable)
rNeg     . . .     Spirit   .   m - +0 plate armour
rPois    .         Reflect  .   (helmet restricted)
rElec    .         Harm     .   (no cloak)
rCorr    .         Rampage  .   T - +2 pair of gloves
MR       ++...                  E - +0 pair of boots
Stlth    ..........             F - amulet of the acrobat
HPRegen  0.32/turn              n - ring of ice
MPRegen  0.13/turn              G - +4 ring of evasion

@: no status effects
A: retaliatory headbutt, horns 2, talons 1, blink, magic resistance 1
a: Blink, Berserk, Trog's Hand, Brothers in Arms, Renounce Religion


You were on level 1 of the Pits of Slime.
You worshipped Trog.
Trog was exalted by your worship.
You visited 3 branches of the dungeon, and saw 17 of its levels.

You collected 1193 gold pieces.
You spent 30 gold pieces at shops.

Inventory:

Hand Weapons
 a - a +3 vorpal executioner's axe (weapon)
 b - a +2 quarterstaff of chaos
 z - a +3 vorpal battleaxe
 A - a +0 vorpal battleaxe
 D - a +2 glaive
 O - the +2 spear of Perfectionism {vorpal, MR+ Str-4 Int+4, unknown}
   (You found it on level 3 of the Lair of Beasts)

   It inflicts extra damage upon your enemies.
   It affects your strength (-4).
   It affects your intelligence (+4).
   It affects your resistance to hostile enchantments.
Missiles
 N - 2 silver javelins (quivered)
Armour
 m - a +0 plate armour (worn)
 B - a +2 chain mail of cold resistance
 E - a +0 pair of boots (worn)
 I - the +3 ring mail of Zunleragh {Rampage *Slow rN+ rCorr}
   (You found it on level 1 of the Lair of Beasts)

   It protects you from negative energy.
   It provides partial protection from all sources of acid and corrosion.
   It may slow you when you take damage.
   It bestows one free step when moving towards enemies.
 T - a +2 pair of gloves (worn)
 X - +0 fire dragon scales
Jewellery
 k - an uncursed ring of ice
 n - a ring of ice (left hand)
 F - an amulet of the acrobat (around neck)
 G - a +4 ring of evasion (right hand)
 J - the amulet "Ezxaucib" {RegenMP rC+ Dex-5 SInv}
   (You found it on level 1 of the Lair of Beasts)

   [amulet of magic regeneration]

   It increases your magic regeneration.
   It affects your dexterity (-5).
   It protects you from cold.
   It lets you see invisible.
 W - an uncursed amulet of faith {unknown}
Wands
 i - a wand of random effects (18)
 K - a wand of enslavement (8)
 P - a wand of flame (18)
 S - a wand of iceblast (15)
 V - a wand of acid (9)
Scrolls
 d - 13 scrolls of teleportation
 e - 5 scrolls of remove curse
 h - 4 scrolls of immolation
 o - a scroll of silence {unknown}
 q - 3 scrolls of magic mapping
 s - 2 scrolls of noise
 w - a scroll of blinking
 y - a scroll of brand weapon
 C - a scroll of fog {unknown}
 L - a scroll of fear
 Q - a scroll of summoning {unknown}
 U - a scroll of enchant weapon {unknown}
Potions
 c - 3 potions of curing
 f - 4 potions of degeneration
 g - 5 potions of attraction
 j - a potion of magic
 l - 5 potions of lignification
 p - a potion of ambrosia {unknown}
 r - 3 potions of flight
 t - a potion of berserk rage {unknown}
 u - a potion of mutation
 v - 2 potions of resistance {unknown}
 x - 3 potions of haste
 H - 2 potions of brilliance {unknown}
 M - a potion of heal wounds {unknown}
 R - 2 potions of cancellation {unknown}


   Skills:
 + Level 15.4 Fighting
 + Level 15.4 Axes
 + Level 15.2 Armour
 + Level 14.1 Dodging


You had 13 spell levels left.
You didn't know any spells.
Your spell library was empty.

Dungeon Overview and Level Annotations

Branches:
Dungeon (10/15)            Temple (0/1) D:7            Lair (6/6) D:10
  Swamp (0/4) Lair:2       Spider (0/4) Lair:4        Slime (1/5) Lair:6
    Orc: D:9-12

Altars:
Cheibriados
Fedhas
Ru
Sif Muna
Trog
Uskayaw
Yredelemnul
Zin
The Shining One

Shops:
D:7 =   D:8 !

Annotations:
Lair:2 exclusion: oklob plant


Innate Abilities, Weirdness & Mutations

You reflexively headbutt those who attack you in melee.
You have a pair of horns on your head.
You have sharp toenails.
You can translocate small distances at will.
You are resistant to hostile enchantments. (MR+)


Message History

The slime creature misses you. The slime creature hits you!
You hit the very large slime creature.
The very large slime creature is severely wounded.
You slice the slime creature!! You slash the slime creature!
The slime creature misses you. You furiously retaliate!
You headbutt the slime creature!
You kill the slime creature!
Trog accepts your kill. The slime creature hits you!
The very large slime creature hits you!!!
* * * LOW HITPOINT WARNING * * *
The slime creature barely misses you.
You slash the very large slime creature!
The very large slime creature is severely wounded.
You slash the slime creature!
You kill the slime creature!
Trog accepts your kill.
You slice the slime creature!!
The very large slime creature hits you!!
You die...

..##...... ##
..#......# ..#
#.......##..##
##J...........
.............
.J.........
##J.J...#
#..@...#
#...#....## ##
#.....#
##......
.........
.........
..##..... ...#
...#.


You could see a very large slime creature and 3 slime creatures.

Vanquished Creatures
  2 fire dragons
  Harold (D:7)
  9 hydras
  7 death yaks
  Nergalle (Lair:3)
  The ghost of PanSaczeczos the Ogre Mage, a novice OgFE of Ashenzari (D:7)
  2 lindwurms
  16 elephants
  3 molten gargoyles (Lair:6)
  9 black mambas
  11 cane toads
  A torpor snail (Lair:5)
  6 rime drakes
  15 komodo dragons
  A kobold demonologist (D:8)
  2 trolls
  2 polar bears
  3 tyrant leeches (Lair:2)
  Grinder (D:5)
  7 slime creatures
  34 blink frogs
  6 dream sheep
  6 wyverns
  3 basilisks
  29 yaks
  Menkaure (D:5)
  15 steam dragons
  2 swamp worms (Lair:2)
  12 water moccasins
  4 hell hounds (Lair:6)
  An orc warrior (D:9)
  5 ice beasts
  3 black bears
  A necrophage (D:7)
  2 phantoms
  2 ogres
  4 centaurs
  26 wolves
  10 big kobolds
  17 bullfrogs
  5 scorpions
  6 killer bees
  13 wights
  A howler monkey (D:9)
  A crimson imp (D:6)
  5 lava snakes (Lair:6)
  6 hounds
  7 orc priests
  2 bullfrog skeletons
  2 bullfrog zombies
  A jelly (D:10)
  Crazy Yiuf (D:7)
  8 worker ants
  9 orc wizards
  6 hell rats
  The ghost of Lanoc the Ducker, a weakling DDAE (D:3)
  A hound zombie (D:5)
  5 hound skeletons
  A howler monkey zombie (D:3)
  A worker ant zombie (D:9)
  15 gnolls
  12 adders
  8 river rats
  2 shadow imps
  An ufetubus (D:6)
  3 oozes
  An adder skeleton (D:10)
  5 worms
  3 dart slugs (D:1)
  7 leopard geckos
  27 orcs
  A ball python (D:5)
  9 bats
  10 giant cockroaches
  7 goblins
  5 hobgoblins
  9 jackals
  43 kobolds
  2 quokkas (D:2)
  4 frilled lizards
  A goblin skeleton (D:6)
  A goblin zombie (D:6)
  3 hobgoblin zombies (D:6)
  2 kobold skeletons (D:6)
  3 kobold zombies (D:6)
  A quokka zombie (D:7)
  12 rats
562 creatures vanquished.

Vanquished Creatures (collateral kills)
  4 death yaks (Lair:4)
  2 blink frogs (Lair:4)
  5 yaks (Lair:4)
11 creatures vanquished.

Vanquished Creatures (others)
  A steam dragon (Lair:5)
  88 fungi
  140 plants
229 creatures vanquished.

Grand Total: 802 creatures vanquished

Notes
Turn   | Place    | Note
-------+----------+-------------------------------------------
     0 | D:1      | kannibaal the Minotaur Berserker began the quest for the
                  | Orb.
     0 | D:1      | Reached XP level 1. HP: 19/19 MP: 0/0
   178 | D:1      | Reached XP level 2. HP: 22/27 MP: 1/1
   627 | D:1      | Reached XP level 3. HP: 33/33 MP: 2/2
  1070 | D:2      | Reached ** piety under Trog
  1537 | D:2      | Found a shimmering blue altar of Sif Muna.
  1833 | D:2      | Reached XP level 4. HP: 40/41 MP: 3/3
  2566 | D:3      | Reached XP level 5. HP: 47/47 MP: 4/4
  2594 | D:3      | Found a hide-covered altar of Uskayaw.
  2600 | D:3      | Found a sacrificial altar of Ru.
  2600 | D:3      | Found a blossoming altar of Fedhas.
  2697 | D:3      | Found a transporter.
  2698 | D:3      | Found a transporter.
  2708 | D:3      | Noticed Lanoc's ghost (weakling DDAE)
  2783 | D:3      | Reached *** piety under Trog
  3102 | D:3      | Reached skill level 5 in Fighting
  3381 | D:3      | Reached skill level 5 in Axes
  3762 | D:3      | Killed Lanoc's ghost
  3762 | D:3      | Reached XP level 6. HP: 56/56 MP: 5/5
  4433 | D:4      | Reached XP level 7. HP: 62/62 MP: 6/6
  4484 | D:4      | Reached skill level 5 in Armour
  4653 | D:4      | Found a basalt altar of Yredelemnul.
  4870 | D:4      | Reached skill level 5 in Dodging
  5339 | D:5      | Entered Level 5 of the Dungeon
  5505 | D:5      | Reached **** piety under Trog
  5660 | D:5      | Noticed Grinder
  5698 | D:5      | Killed Grinder
  5698 | D:5      | Reached XP level 8. HP: 69/71 MP: 7/7
  5891 | D:5      | Noticed Menkaure
  5911 | D:5      | Killed Menkaure
  7181 | D:6      | Found a bloodstained altar of Trog.
  7312 | D:6      | Noticed a troll
  7326 | D:6      | Killed a troll
  7653 | D:6      | Found a snail-covered altar of Cheibriados.
  7836 | D:6      | Found a glowing golden altar of the Shining One.
  7905 | D:6      | Found a sacrificial altar of Ru.
  8118 | D:6      | Identified the Volume of Companions
  8411 | D:7      | Reached XP level 9. HP: 81/81 MP: 8/8
  8470 | D:7      | Found a staircase to the Ecumenical Temple.
  8574 | D:7      | Found a runed translucent gate.
  8574 | D:7      | Found a runed translucent gate.
  8574 | D:7      | Found a runed translucent gate.
  9034 | D:7      | Noticed PanSaczeczos's ghost (novice OgFE)
  9294 | D:7      | Found Diuxyke's Jewellery Shoppe.
  9328 | D:7      | Noticed Harold
  9358 | D:7      | Killed Harold
  9359 | D:7      | Reached ***** piety under Trog
  9800 | D:7      | Found a runed translucent door.
  9801 | D:7      | Noticed Crazy Yiuf
  9806 | D:7      | Killed Crazy Yiuf
  9879 | D:7      | Killed PanSaczeczos's ghost
 10061 | D:8      | Reached XP level 10. HP: 91/91 MP: 9/9
 10598 | D:8      | Reached skill level 10 in Fighting
 10735 | D:8      | Found a glowing silver altar of Zin.
 10779 | D:8      | Reached skill level 10 in Axes
 10795 | D:8      | Identified the +6 short sword of the Fray {vorpal, +Fly rC-
                  | rN+++ Stlth-}
 11037 | D:8      | Found Rotawamp's Distillery.
 11045 | D:8      | Bought a potion of lignification for 30 gold pieces
 11959 | D:10     | Entered Level 10 of the Dungeon
 12264 | D:10     | Reached skill level 10 in Armour
 12719 | D:10     | Found a staircase to the Lair.
 13333 | D:10     | Received a gift from Trog
 13333 | D:10     | Reached XP level 11. HP: 101/101 MP: 10/10
 13631 | Lair:1   | Entered Level 1 of the Lair of Beasts
 14105 | Lair:1   | Noticed a four-headed hydra
 14112 | Lair:1   | Killed a four-headed hydra
 14194 | Lair:1   | HP: 6/153 [black mamba (8)]
 14197 | Lair:1   | HP: 2/153 [poisoned by a black mamba]
 14199 | Lair:1   | Reached skill level 10 in Dodging
 14202 | Lair:1   | HP: 2/153 [poisoned by a black mamba]
 14207 | Lair:1   | HP: 5/153 [poisoned by a black mamba]
 14507 | Lair:1   | Noticed an eight-headed hydra
 14516 | Lair:1   | Killed an eight-headed hydra
 14582 | Lair:1   | Got an encrusted ring mail
 14879 | Lair:1   | Got a pitted ruby amulet
 15274 | Lair:1   | Identified the +3 ring mail of Zunleragh {Rampage *Slow rN+
                  | rCorr} (You found it on level 1 of the Lair of Beasts)
 15753 | Lair:2   | Reached XP level 12. HP: 64/112 MP: 11/11
 16182 | Lair:2   | Found a staircase to the Swamp.
 16720 | Lair:2   | Noticed a four-headed hydra
 16726 | Lair:2   | Killed a four-headed hydra
 16815 | Lair:2   | Noticed a seven-headed hydra
 16837 | Lair:2   | Banished a seven-headed hydra
 17139 | Lair:3   | Noticed Nergalle
 17167 | Lair:3   | Killed Nergalle
 17167 | Lair:3   | Received a gift from Trog
 17194 | Lair:2   | Gained mutation: You are resistant to hostile enchantments.
                  | (MR+) [potion of mutation]
 17194 | Lair:2   | Gained mutation: You have sharp toenails. [potion of
                  | mutation]
 17194 | Lair:2   | Gained mutation: You can translocate small distances at
                  | will. [potion of mutation]
 17268 | Lair:3   | Noticed a six-headed hydra
 17285 | Lair:3   | Killed a six-headed hydra
 17668 | Lair:3   | Noticed an eight-headed hydra
 17679 | Lair:3   | Killed an 11-headed hydra
 18168 | Lair:3   | Got a crystal spear
 18638 | Lair:4   | Noticed an eight-headed hydra
 18646 | Lair:4   | Killed an eight-headed hydra
 18714 | Lair:4   | Reached XP level 13. HP: 97/122 MP: 12/12
 18797 | Lair:4   | Found a hole to the Spider Nest.
 19728 | Lair:4   | Identified the amulet "Ezxaucib" {RegenMP rC+ Dex-5 SInv}
                  | (You found it on level 1 of the Lair of Beasts)
 21362 | Lair:5   | Noticed a fire dragon
 21375 | Lair:5   | Killed a fire dragon
 22151 | Lair:5   | Reached ****** piety under Trog
 22414 | Lair:5   | Received a gift from Trog
 23063 | Lair:5   | Reached XP level 14. HP: 47/133 MP: 13/13
 23708 | Lair:6   | Entered Level 6 of the Lair of Beasts
 24732 | Lair:6   | Found a staircase to the Slime Pits.
 24884 | Lair:6   | Reached skill level 15 in Fighting
 24889 | Lair:6   | Reached skill level 15 in Axes
 26043 | Lair:6   | Reached skill level 15 in Armour
 26533 | Lair:6   | Found a large runed translucent door.
 26534 | Lair:6   | Found a large runed translucent door.
 27358 | Slime:1  | Entered Level 1 of the Pits of Slime
 27378 | Slime:1  | Mangled by a very large slime creature

Illustrated notes

Levels and vault maps discovered:
D:1:      saegor_arrival_simple_a, layout_loops_cross, corexii_leaking_fountain
D:2:      layout_basic, old_standard_altar, minmay_tripent
D:3:      minmay_inner_zag, layout_loops_corners, minitemple,
          gammafunk_ghost_mausoleum
D:4:      layout_loops_corners, kennysheep_little_box, gup_sewer_entry_bowl,
          minmay_goblin_kobold_house
D:5:      kennysheep_kobold_camp, layout_loops_corners, uniq_menkaure,
          uniq_grinder
D:6:      layout_basic, nicolae_tso_besieged_by_evil, slow_altar_1, basic_altar,
          chequers_serial_rivers_micro_b, chequers_mini_garden,
          hangedman_ru_absence
D:7:      layout_loops_ring, minmay_temple_entry_mist, serial_shops, shop,
          ebering_ghost_rock_garden, uniq_harold, uniq_crazy_yiuf_cottage
D:8:      layout_gridville, zin_statuary, serial_shops, kennysheep_mini_moat,
          special_room [special_room_kobold], st_stairs_4, minivault_25
D:9:      minmay_weird_star, layout_basic, serial_aquarium,
          aquarium_bridge_long_joined [aquarium_subvault_bridge,
          aquarium_subvault_bridge, aquarium_subvault_wall,
          aquarium_subvault_bridge, aquarium_subvault_wall,
          aquarium_subvault_bridge], aquarium_window_1, aquarium_window_3,
          aquarium_view_2f
D:10:     layout_grid_maze, erik_lair_island
Lair:1:   layout_loops_ring, grunt_megastairs_3
Lair:2:   layout_roguey, minmay_swamp_entry_worms, kennysheep_rathole,
          minmay_lair_oklob_chamber
Lair:3:   layout_regular_city, uniq_nergalle
Lair:4:   layout_misc_corridors, nicolae_spider_entry_non_spiders
Lair:5:   layout_loops_ring, bobbens_dragon_lair_wall
Lair:6:   cheibrodos_lair_end_hotspot, layout_layer_cave, slime_dummy
Slime:1:  layout_caves

Skill      XL: |  1  2  3  4  5  6  7  8  9 10 11 12 13 14 |
---------------+-------------------------------------------+-----
Axes           | 4 5 6 7 9 10 12 13 14 15 | 15.4
Fighting       | 4 5 6 8 9 10 12 13 14 15 | 15.4
Armour         | 3 4 6 7 9 10 11 13 14 15 | 15.2
Dodging        | 3 4 5 6 8 9 10 12 13 14 | 14.1

Action                   |  1- 3 |  4- 6 |  7- 9 | 10-12 | 13-15 || total
-------------------------+-------+-------+-------+-------+-------++-------
Melee: Hand axe          |    95 |   181 |   362 |       |       ||   638
       Headbutt          |    15 |    35 |    89 |    95 |   111 ||   345
       Battleaxe         |       |       |    18 |   522 |   233 ||   773
       Quarterstaff      |       |       |       |    12 |    46 ||    58
       Executioner's axe |       |       |       |       |   166 ||   166
Throw: Throwing net      |       |       |       |     1 |     2 ||     3
       Javelin           |       |       |       |       |    10 ||    10
Invok: Berserk           |     1 |     3 |     4 |     7 |     5 ||    20
       Trog's Hand       |       |     2 |     6 |     5 |       ||    13
       Brothers in Arms  |       |       |       |       |     1 ||     1
 Abil: Blink             |       |       |       |       |     1 ||     1
Evoke: Wand              |       |     2 |     1 |    46 |     4 ||    53
  Use: Scroll            |       |     4 |     5 |    10 |     4 ||    23
       Potion            |       |       |       |    11 |     2 ||    13
 Stab: Paralysed         |       |       |       |     1 |       ||     1
Armor: Ring mail         |    30 |    13 |       |       |       ||    43
       Plate armour      |       |    55 |   181 |   265 |   211 ||   712
       Skin              |       |       |       |    39 |       ||    39
Dodge: Dodged            |    65 |    72 |   154 |   485 |   482 ||  1258

Table legend: (Time is in decaauts)
 A = Elapsed time spent in this place.
 B = Non-inter-level travel time spent in this place.
 C = Inter-level travel time spent in this place.
 D = Time resting spent in this place.
 E = Time spent auto-exploring this place.
 F = Levels seen in this place.
 G = Mean time per level.
                   A        B        C        D        E       F      G
               +--------+--------+--------+--------+--------+-----+--------+
         Total |  27673 |  26972 |    701 |   5725 |  15552 |  17 | 1627.8 |
       Dungeon |  13885 |  13581 |    304 |   2187 |   8308 |  10 | 1388.5 |
          Lair |  13777 |  13380 |    397 |   3538 |   7243 |   6 | 2296.2 |
    Slime Pits |     10 |     10 |      0 |      0 |      0 |   1 |   10.0 |
               +--------+--------+--------+--------+--------+-----+--------+

Top non-repeatable levels by time:
  Lair:6: 3472 daAuts
  Lair:4: 3011 daAuts
  Lair:5: 2454 daAuts
     D:7: 2188 daAuts
     D:5: 2015 daAuts
     D:3: 1915 daAuts
  Lair:2: 1852 daAuts
    D:10: 1699 daAuts
  Lair:1: 1603 daAuts
     D:4: 1489 daAuts
  Lair:3: 1383 daAuts
     D:1: 1025 daAuts
     D:6: 998 daAuts
     D:2: 977 daAuts
     D:9: 909 daAuts
